 Dungeon Crawl Stone Soup version 0.22-a0-412-g2b68d144a4 (webtiles) character file.

56 Laam the Vexing (level 3, 0/16 HPs)
             Began as a Spriggan Enchanter on May 12, 2018.
             Slain by a hobgoblin (1 damage)
             ... led by Robin
             ... on level 2 of the Dungeon.
             The game lasted 00:03:59 (1254 turns).

Laam the Vexing (Spriggan Enchanter)                Turns: 1254, Time: 00:04:00

Health: 0/16       AC:  2    Str:  4    XL:     3   Next: 71%
Magic:  0/9        EV: 18    Int: 17    God:
Gold:   13         SH:  0    Dex: 16    Spells: 7/10 levels left

rFire    . . .     SeeInvis +   a - +1 dagger
rCold    . . .     Gourm    .   (shield restricted)
rNeg     . . .     Faith    .   b - +0 robe
rPois    .         Spirit   .   (helmet restricted)
rElec    .         Reflect  .   (no cloak)
rCorr    .         Harm     .   (gloves unavailable)
MR       .....                  (boots unavailable)
Stlth    +++.......             (no amulet)
HPRegen  0.05/turn              (no ring)
MPRegen  0.11/turn              (no ring)

@: very quick
A: very small, unfitting armour, see invisible, herbivore, speed 3, slow
metabolism 2
a: no special abilities


You were on level 2 of the Dungeon.
You were not hungry.

You visited 1 branch of the dungeon, and saw 2 of its levels.

You collected 13 gold pieces.

Inventory:

Hand Weapons
 a - a +1 dagger (weapon)
Armour
 b - a +0 robe (worn)
Comestibles
 d - 3 rations


   Skills:
 - Level 1.1 Short Blades
 - Level 3.0 Dodging
 - Level 4.4 Stealth
 + Level 4.1 Spellcasting
 + Level 4.8 Hexes


You had 7 spell levels left.
You knew the following spells:

 Your Spells              Type           Power        Failure   Level  Hunger
a - Ensorcelled Hibernat  Hex/Ice        ##....       9%          2    ##.....
b - Corona                Hex            ###....      2%          1    None

Your spell library contained the following spells:

 Spells                   Type           Power        Failure   Level  Hunger
 Confuse                  Hex            ###.....     6%          3    ###....
 Tukima's Dance           Hex            ###.....     6%          3    ###....
 Dazzling Spray           Conj/Hex       ##....       17%         3    ###....


Dungeon Overview and Level Annotations

Branches:
Dungeon (2/15)

Altars:
Xom


Innate Abilities, Weirdness & Mutations

You are very small and have problems with some larger weapons.
You are too small for most types of armour.
You have supernaturally acute eyesight. (SInv)
You are a herbivore.
You cover ground extremely quickly.
You need to consume almost no food.


Message History

You kill the goblin!
The hobgoblin hits you.
* * * LOW HITPOINT WARNING * * *
Unknown command.
You aren't carrying any scrolls.
Unknown command.
You aren't carrying any potions.
Unknown command.
Casting: Ensorcelled Hibernation (safe; 9% risk of failure)
Confirm with . or Enter, or press ? or * to list all spells.
Aiming: Ensorcelled Hibernation (safe; 9% risk of failure)
Press: ? - help, Shift-Dir - straight line, f - hobgoblin
Aim: a hobgoblin (chance to defeat MR: 60%)
The hobgoblin looks drowsy...
The hobgoblin hits you.
* * * LOW HITPOINT WARNING * * *
The helpless hobgoblin fails to defend itself.
You puncture the hobgoblin!
You kill the hobgoblin!
The hobgoblin hits you.
You die...

#.........# ....
#.........# .....
#......)..# ......
#.........# ....
#.........#####.####+
####>?......†........
.......gg............
####...#g#......#...
.!.....#@#))....+
.....####'<.....#
....# ##†....$.# ....
#.##....# ...
#.##....# ##
#.##....# #.##......
#.###..... ... #.....


You could see a hobgoblin and 2 goblins.

Vanquished Creatures
  Robin (D:2)
  An adder (D:2)
  2 giant cockroaches
  8 goblins
  3 hobgoblins
  3 jackals (D:1)
  2 kobolds (D:1)
  16 rats
36 creatures vanquished.

Notes
Turn   | Place    | Note
-------+----------+-------------------------------------------
     0 | D:1      | Laam the Spriggan Enchanter began the quest for the Orb.
     0 | D:1      | Reached XP level 1. HP: 9/9 MP: 5/5
   493 | D:1      | Reached XP level 2. HP: 11/13 MP: 7/7
   717 | D:1      | Learned a level 2 spell: Ensorcelled Hibernation
   908 | D:1      | Found a sacrificial altar of Ru.
   910 | D:1      | Found an ancient bone altar of Kikubaaqudgha.
   910 | D:1      | Found a shattered altar of Ashenzari.
   912 | D:1      | Found an ornate altar of the Wu Jian Council.
   912 | D:1      | Found a shadowy altar of Dithmenos.
   912 | D:1      | Found a shimmering altar of Xom.
  1117 | D:2      | Reached XP level 3. HP: 16/16 MP: 6/9
  1221 | D:2      | Noticed Robin
  1229 | D:2      | Killed Robin
  1254 | D:2      | Slain by a hobgoblin

Vault maps used:
D:1:      erik_arrival_orb_chamber, st_stairs_8, minmay_misc_feat_roman,
          kennysheep_crisscross, minmay_stone_trees_small, doesnt_xom_only_xom
D:2:      nicolae_overflow_hidden_temple, gammafunk_temple_overflow_statue,
          minmay_misc_feat_tower, minmay_misc_feat_four_crosses,
          roderic_lattice_a, minmay_fountain_box, uniq_natasha, uniq_robin

Skill      XL: |  1  2  3 |
---------------+----------+-----
Spellcasting   | 3 4 |  4.1
Hexes          | 4 |  4.8
Short Blades   | |  1.1
Dodging        | |  3.0
Stealth        | |  4.4

Action                   || total
-------------------------++-------
Melee: Dagger            ||   111
 Cast: Corona            ||     9
       Ensorcelled Hiber ||     8
  Use: Scroll            ||     2
       Potion            ||     1
 Stab: Sleeping          ||    13
       Distracted        ||     1
Armor: Robe              ||     5
Dodge: Dodged            ||    92

Table legend:
 A = Spawn XP
 B = Non-spawn XP
 C = Spawn XP percentage of total XP
 D = Spawn monster count
 E = Non-spawn monster count
 F = Spawn count percentage of total count
 G = Total turns spent on level
                    A         B        C        D         E        F      G
               +---------+---------+-------+---------+---------+-------+---------
         Total |       0 |      81 |   0.0 |       0 |      36 |   0.0 |  1254
               +---------+---------+-------+---------+---------+-------+---------
           D:1 |       0 |      32 |   0.0 |       0 |      23 |   0.0 |  1179
           D:2 |       0 |      49 |   0.0 |       0 |      13 |   0.0 |    75
               +---------+---------+-------+---------+---------+-------+---------
